 Dungeon Crawl Stone Soup version 0.29.0-7-g18a832c13a (webtiles) character file.

Game seed: 7911946015769022014

21 MirrMurr the Caller (level 2, -2/11 HPs)
             Began as a Felid Summoner on Aug 30, 2022.
             Slain by a quokka (3 damage)
             ... on level 1 of the Dungeon.
             The game lasted 00:03:57 (1766 turns).

MirrMurr the Caller (Felid Summoner)                Turns: 1766, Time: 00:03:57

Health: -2/11      AC:  1    Str:  4    XL:     2   Next: 62%
Magic:  5/6        EV: 17    Int: 16    God:
Gold:   63         SH:  0    Dex: 16    Spells: 3/6 levels left
                                        Lives:  0   Deaths: 0

rFire   . . .      SeeInvis +   (weapon unavailable)
rCold   . . .      Faith    .   (shield unavailable)
rNeg    . . .      Spirit   .   (body armour unavailable)
rPois   .          Reflect  .   (helmet unavailable)
rElec   .          Harm     .   (cloak unavailable)
rCorr   .          Rampage  .   (gloves unavailable)
Will    .....                   (boots unavailable)
Stlth   ++........              (no amulet)
HPRegen 0.03/turn               (no ring)
MPRegen 0.10/turn               (no ring)

@: quick
A: very small, claws 1, fangs 3, see invisible, speed 1, shaggy fur 1, stealthy
paws, no weapons or thrown items, no armour, multi-lived
a: no special abilities


You were on level 1 of the Dungeon.
You visited 1 branch of the dungeon, and saw 1 of its levels.

You collected 63 gold pieces.

Inventory:

Scrolls
 c - a scroll of blinking {unknown}
Potions
 a - a potion of magic
 b - a potion of lignification {unknown}
 d - a potion of attraction {unknown}


   Skills:
 - Level 2.6 Dodging
 - Level 2.6 Stealth
 + Level 2.6 Spellcasting
 + Level 4.4 Summonings


You had 3 spell levels left.
You knew the following spells:

 Your Spells              Type           Power      Damage    Failure   Level
a - Summon Small Mammal   Summ           64%        N/A       3%          1
b - Call Imp              Summ           16%        N/A       4%          2

Your spell library contained the following spells:

 Spells                   Type           Power      Damage    Failure   Level
 Call Canine Familiar     Summ           16%        N/A       10%         3
 Summon Guardian Golem    Hex/Summ       9%         N/A       24%         3
 Summon Lightning Spire   Summ/Air       9%         N/A       61%         4


Dungeon Overview and Level Annotations

Branches:
Dungeon (1/15)

Altars:


Innate Abilities, Weirdness & Mutations

You have sharp claws.
You have razor-sharp teeth.
You have supernaturally acute eyesight. (SInv)
You cover ground quickly. (Speed+)
You are covered in fur. (AC +1)
Your paws help you pounce on unaware monsters.
You are incapable of wielding weapons or throwing items.
You cannot wear armour.
You gain extra lives every three experience levels.


Message History

You barely miss the quokka.
The quokka is almost dead.
The quokka barely misses you.
Your crimson imp closely misses the quokka.
You barely miss the quokka.
The quokka is almost dead.
The quokka misses you.
Your crimson imp misses the quokka.
What are your orders? t - Meow!
Orders for allies: a - Attack new target. r - Retreat! s - Stop attacking. g - Guard the area. f - Follow me.
Anything else - Cancel.
Gang up on whom?
Press: ? - help, Dir - move target, f - quokka
Aim: a quokka (almost dead, ally target) Attack!
The quokka bites you.
* * * LOW HITPOINT WARNING * * *
Your crimson imp closely misses the quokka.
Unknown command.
The quokka closely misses you.
You scratch the quokka but do no damage.
Your bite misses the quokka.
The quokka is almost dead.
Your crimson imp barely misses the quokka.
The quokka barely misses you.
Unknown command.
Unknown command.
The quokka closely misses you.
Your crimson imp blinks!
You barely miss the quokka.
The quokka is almost dead.
The quokka closely misses you.
You scratch the quokka but do no damage.
The quokka is almost dead.
The quokka misses you. The quokka barely misses you.
You closely miss the quokka.
The quokka is almost dead.
The quokka bites you.
You die...

###.###.##.##.#.# #.# #.# #...
#.# #..÷..#...# #.###.# #.##
#.###...#....## #...§.# #.#
#.#....##.....########## #.#
#...#.#..............#.# #.#
####..##.####....######.#.# #.#
....>.##..............#.#.####.#
####'####...........#.#........#
........#.......@..............#
........#.......r§....###......#
........#.......5.....###......#
........#...............#......#
........#......[.....##.#......#
.....####............##.#......#
###### #............##.#......#
#............##.########
#............##.#


You could see a quokka (ally target) and a friendly crimson imp (summoned).

Vanquished Creatures
  An endoplasm (D:1)
  A kobold (D:1)
  A bat (D:1)
  A rat (D:1)
4 creatures vanquished.

Vanquished Creatures (collateral kills)
  A dart slug (D:1)
  4 endoplasms (D:1)
  A hobgoblin (D:1)
  3 kobolds (D:1)
  A ball python (D:1)
  A bat (D:1)
  2 frilled lizards (D:1)
  A goblin (D:1)
14 creatures vanquished.

Grand Total: 18 creatures vanquished

Notes
Turn   | Place    | Note
-------+----------+-------------------------------------------
     0 | D:1      | MirrMurr the Felid Summoner began the quest for the Orb.
     0 | D:1      | Reached XP level 1. HP: 7/7 MP: 4/4
   733 | D:1      | Found a faded altar of an unknown god.
   884 | D:1      | Reached XP level 2. HP: 11/11 MP: 6/6
   887 | D:1      | Learned a level 2 spell: Call Imp
  1766 | D:1      | Slain by a quokka

Illustrated notes

Levels and vault maps discovered:
D:1:      lightli_arrival_noodles, layout_basic, shapermc_ecumenical_altar_gd

Action                   || total
-------------------------++-------
Melee: Unarmed           ||    41
       Bite              ||     2
 Cast: Summon Small Mamm ||    26
       Call Imp          ||     6
 Stab: Sleeping          ||     1
Armor: Skin              ||     3
Dodge: Dodged            ||    45
